 Dungeon Crawl Stone Soup version 0.22-a0-579-gb62a27e (webtiles) character file.

55876 duckbutt the Spear-Bearer (level 14, -3/133 HPs)
             Began as a Hill Orc Monk on June 29, 2018.
             Was the Champion of Kikubaaqudgha.
             Slain by a stone giant (31 damage)
             ... on level 1 of the Orcish Mines on July 19, 2018.
             The game lasted 01:29:49 (23146 turns).

duckbutt the Spear-Bearer (Hill Orc Monk)          Turns: 23146, Time: 01:29:52

Health: -3/133     AC: 14    Str: 17    XL:     14   Next: 79%
Magic:  19/23      EV: 20    Int: 12    God:    Kikubaaqudgha [******]
Gold:   1142       SH:  3    Dex: 19    Spells: 5/26 levels left

rFire    . . .     SeeInvis .   b - +4 glaive (pain)
rCold    + . .     Gourm    .   (shield currently unavailable)
rNeg     + + .     Faith    .   t - +1 leather armour of Yredelemnul's Whim {rN++ Slay+3}
rPois    .         Spirit   .   n - +1 helmet
rElec    .         Reflect  +   o - +2 cloak
rCorr    .         Harm     .   I - +1 pair of gloves
MR       +....                  O - +2 pair of boots {run}
Stlth    ++........             f - +3 amulet of reflection
HPRegen  0.32/turn              z - ring of protection from cold
MPRegen  0.18/turn              D - +6 ring of dexterity

@: quick
A: no striking features
a: Receive Corpses, Torment, Renounce Religion


You were on level 1 of the Orcish Mines.
You worshipped Kikubaaqudgha.
Kikubaaqudgha was exalted by your worship.
You were not hungry.

You visited 3 branches of the dungeon, and saw 19 of its levels.
You also visited: Ice Cave.

You collected 1567 gold pieces.
You spent 425 gold pieces at shops.

Inventory:

Hand Weapons
 a - the +7 halberd of Sofup {antimagic, rElec}
   (You bought it in a shop on level 9 of the Dungeon)

   It reduces the magical energy of the wielder, and disrupts the spells and
   magical abilities of those hit.
   Natural abilities and divine invocations are not affected.
   It insulates you from electricity.
 b - a +4 glaive of pain (weapon)
 H - a +2 spear of freezing
Missiles
 d - 469 stones (quivered)
Armour
 n - a +1 helmet (worn)
 o - a +2 cloak (worn)
 t - the +1 leather armour of Yredelemnul's Whim (worn) {rN++ Slay+3}
   (You found it on level 4 of the Dungeon)

   It affects your accuracy and damage with ranged weapons and melee attacks
   (+3).
   It greatly protects you from negative energy.
 G - a scarf of repulsion
 I - a +1 pair of gloves (worn)
 O - a +2 pair of boots of running (worn)
Magical Staves
 w - an uncursed staff of conjuration {!a}
 R - an uncursed staff of power {!a}
Jewellery
 f - a +3 amulet of reflection (around neck)
 z - a ring of protection from cold (left hand)
 D - a +6 ring of dexterity (right hand)
 E - an uncursed ring of ice
 N - an uncursed ring of positive energy
Wands
 h - a wand of flame (11)
 u - a wand of iceblast (20)
 y - a wand of clouds (5)
 J - a wand of acid (2)
 M - a wand of paralysis (7)
 P - a wand of scattershot (4)
Scrolls
 e - a scroll of summoning
 j - a scroll of fog
 l - 4 scrolls of identify
 q - 10 scrolls of teleportation
 C - 4 scrolls of remove curse
Potions
 i - a potion of cancellation
 k - a potion of haste
 m - 5 potions of might
 r - 2 potions of resistance
 s - 5 potions of flight
 v - a potion of agility
 x - 2 potions of ambrosia
 A - 2 potions of brilliance
 B - 11 potions of curing
 K - 2 potions of lignification
 L - a potion of magic
Comestibles
 c - 17 rations
 g - a chunk of flesh


   Skills:
 + Level 14.7 Fighting
   Level 8.8(14.0) Axes
 * Level 14.8(15.3) Polearms
 + Level 10.2 Dodging
 - Level 1.5 Stealth
 - Level 6.5 Spellcasting
 + Level 8.1 Necromancy


You had 5 spell levels left.
You knew the following spells:

 Your Spells              Type           Power        Failure   Level  Hunger
a - Pain                  Necr           ###.         1%          1    None
b - Vampiric Draining     Necr           ###.......   2%          3    ###....
d - Animate Dead          Necr           N/A          8%          4    ####...
g - Shroud of Golubria    Chrm/Tloc      #.........   32%         2    ##.....
i - Corpse Rot            Necr           N/A          1%          2    ##.....
v - Blink                 Tloc           N/A          32%         2    ##.....
x - Dispel Undead         Necr           ###.....     21%         5    ######.
z - Sublimation of Blood  Necr           ###.......   1%          2    ##.....

Your spell library contained the following spells:

 Spells                   Type           Power        Failure   Level  Hunger
 Throw Frost              Conj/Ice       #.....       32%         2    ##.....
 Freezing Cloud           Conj/Ice/Air   #.........   100%        6    #######
 Teleport Other           Tloc           #.......     54%         3    ###....
 Bolt of Draining         Conj/Necr      ##........   73%         5    ######.
 Freeze                   Ice            #...         22%         1    None
 Summon Ice Beast         Ice/Summ       #.......     91%         4    ####...
 Ozocubu's Armour         Chrm/Ice       #.......     54%         3    ###....
 Spider Form              Tmut/Pois      #.........   54%         3    ###....
 Blade Hands              Tmut           #.........   99%         5    ######.
 Ice Form                 Ice/Tmut       #.......     91%         4    ####...
 Death Channel            Necr           ###.......   75%         6    #######
 Throw Icicle             Conj/Ice       #.......     91%         4    ####...
 Sticks to Snakes         Tmut           #.......     32%         2    ##.....
 Ensorcelled Hibernation  Hex/Ice        #.....       32%         2    ##.....
 Excruciating Wounds      Chrm/Necr      ##........   73%         5    ######.
 Passage of Golubria      Tloc           N/A          91%         4    ####...
 Beastly Appendage        Tmut           #.....       22%         1    None
 Gell's Gravitas          Tloc           #.........   54%         3    ###....
 Lesser Beckoning         Tloc           #.........   54%         3    ###....


Dungeon Overview and Level Annotations

Branches:
Dungeon (11/15)            Temple (0/1) D:4            Lair (6/6) D:9
 Shoals (0/4) Lair:3        Snake (0/4) Lair:3        Slime (0/5) Lair:5
    Orc (2/2) D:11            Elf (0/3) Orc:2

Altars:
Cheibriados
Fedhas
Gozag
Kikubaaqudgha
Nemelex Xobeh
Qazlal
Sif Muna
Trog
Uskayaw
Xom
Yredelemnul
Zin
The Shining One
Jiyva

Shops:
D:9 (

Annotations:
D:10 Psyche
Lair:4 exclusion: oklob plant
Lair:6 exclusion: oklob plant


Message History

Your orc zombie hits the stone giant but does no damage.
Your orc zombie hits the cyclops but does no damage.
The cyclops throws a large rock.
The large rock hits your warg zombie!!
Your warg zombie is destroyed!
Attack whom?
Press: ? - help, Dir - move target cursor, f - stone giant
Aim: a stone giant (lightly wounded)
You reach to attack!
You slash the stone giant!
The stone giant writhes in agony.
The stone giant is moderately wounded.
The cyclops throws a large rock.
The large rock hits your orc zombie!!
Your orc zombie is destroyed!
Attack whom?
Press: ? - help, Dir - move target cursor, f/p - stone giant
Aim: a stone giant (moderately wounded)
You hit the stone giant but do no damage.
The stone giant is moderately wounded.
The stone giant hits you!!
You die...
Kikubaaqudgha rasps: "You have failed me!
Welcome... death!"

##. #..###
##..#.##
###...#..#
#........#
#........# # ..
.........##.#...
##@).......
#(C).......
##(........
#.(........
...C.....$..
........##....
#......#.. ....
#......##.## ...
##..... ## ..


You could see a stone giant and a cyclops.

Vanquished Creatures
  An orc warlord (Orc:1)
  Harold (D:11)
  3 hydras
  Erica (D:10)
  2 catoblepae (Lair:6)
  2 two-headed ogres
  9 death yaks
  Pikel (D:4)
  An orc sorcerer (Orc:2)
  2 manticores (Lair:6)
  8 black mambas
  3 elephants
  Maurice (D:8)
  7 spiny frogs
  Joseph (D:10)
  7 komodo dragons
  5 rime drakes
  3 trolls
  10 polar bears (IceCv)
  2 dream sheep
  18 blink frogs
  5 hippogriffs
  41 yaks
  Sigmund (D:2)
  Eustachio (D:6)
  A steam dragon (D:9)
  3 wraiths
  4 hogs (D:7)
  A human (D:7)
  3 basilisks
  3 wargs
  16 water moccasins
  A sky beast (D:9)
  8 porcupines
  An eye of draining (D:9)
  3 ice beasts
  3 phantoms
  14 orc warriors
  9 ogres
  22 wolves
  13 crocodiles
  2 centaurs
  3 big kobolds
  9 bullfrogs
  Blork the orc (D:8)
  A water moccasin zombie (D:10)
  A scorpion (D:9)
  5 killer bees (D:9)
  9 wights
  3 howler monkeys
  2 jellies
  5 crimson imps
  A centaur zombie (D:8)
  2 hounds
  7 orc priests
  A gnoll shaman (D:8)
  2 iguanas
  Natasha (twice) (D:4)
  13 orc wizards
  6 worker ants
  2 hound skeletons
  Robin (D:2)
  3 gnolls (D:8)
  8 adders
  A howler monkey skeleton (D:6)
  3 shadow imps
  An ooze (D:7)
  An adder zombie (D:5)
  A worm (D:3)
  A dart slug (D:1)
  3 leopard geckos
  58 orcs
  8 bats
  6 giant cockroaches
  17 goblins
  15 hobgoblins
  6 jackals
  18 kobolds
  3 quokkas
  A ball python (D:6)
  4 frilled lizards
  A leopard gecko skeleton (D:6)
  A leopard gecko zombie (D:6)
  A quokka zombie (D:6)
  8 rats
488 creatures vanquished.

Vanquished Creatures (collateral kills)
  A frost giant (IceCv)
  Fannar (Lair:1)
  2 catoblepae
  3 death yaks (Lair:6)
  A manticore (Lair:3)
  An elephant (Lair:2)
  2 black mambas
  A rime drake (Lair:6)
  A komodo dragon (Lair:6)
  3 polar bears (IceCv)
  A blink frog (Lair:2)
  6 dream sheep (Lair:4)
  2 hippogriffs
  5 yaks
  2 basilisks
  5 water moccasins
  6 wolves
  A crocodile (Lair:1)
  2 bullfrogs
  A ball python (Lair:3)
  A fungus (Lair:3)
  A plant (Lair:2)
49 creatures vanquished.

Vanquished Creatures (others)
  An orc priest (D:4)
  Natasha (D:4)
  An orc (Orc:2)
  A quokka (D:4)
  4 fungi
  12 plants
20 creatures vanquished.

Grand Total: 557 creatures vanquished

Notes
Turn   | Place    | Note
-------+----------+-------------------------------------------
     0 | D:1      | duckbutt the Hill Orc Monk began the quest for the Orb.
     0 | D:1      | Reached XP level 1. HP: 19/19 MP: 1/1
   151 | D:1      | Reached XP level 2. HP: 20/26 MP: 2/2
   287 | D:1      | Reached skill level 5 in Axes
   653 | D:1      | Reached XP level 3. HP: 27/31 MP: 3/3
  1013 | D:2      | Noticed Robin
  1170 | D:2      | Killed Robin
  1170 | D:2      | Reached XP level 4. HP: 36/39 MP: 4/4
  1299 | D:2      | Noticed Sigmund
  1318 | D:2      | Killed Sigmund
  1318 | D:2      | Reached XP level 5. HP: 45/45 MP: 5/5
  1318 | D:2      | Reached XP level 6. HP: 51/51 MP: 6/6
  1784 | D:2      | Found a faded altar of an unknown god.
  1918 | D:2      | Became a worshipper of Kikubaaqudgha
  1918 | D:2      | Reached * piety under Kikubaaqudgha
  1918 | D:2      | Identified Kikubaaqudgha's Guide on Sinister Secrets {god gift} (Kikubaaqudgha gifted it to you on level 2 of the Dungeon)
  1918 | D:2      | Received a gift from Kikubaaqudgha
  1918 | D:2      | Reached ** piety under Kikubaaqudgha
  1922 | D:2      | Learned a level 1 spell: Pain
  2062 | D:3      | Found an opulent altar of Gozag.
  2225 | D:3      | Reached *** piety under Kikubaaqudgha
  2225 | D:3      | Identified Kikubaaqudgha's Volume of Unholy Arts {god gift} (Kikubaaqudgha gifted it to you on level 3 of the Dungeon)
  2225 | D:3      | Received a gift from Kikubaaqudgha
  2231 | D:3      | Learned a level 3 spell: Vampiric Draining
  2515 | D:3      | Found a sparkling altar of Nemelex Xobeh.
  2516 | D:3      | Found a shimmering altar of Xom.
  2517 | D:3      | Found a snail-covered altar of Cheibriados.
  2659 | D:4      | Reached skill level 1 in Necromancy
  2674 | D:4      | Noticed Natasha
  2680 | D:4      | Killed Natasha
  2788 | D:4      | Got a brightly glowing leather armour
  2799 | D:4      | Identified the cursed +1 leather armour of Yredelemnul's Whim {rN++ Slay+3} (You found it on level 4 of the Dungeon)
  2852 | D:4      | Reached XP level 7. HP: 57/57 MP: 7/7
  2859 | D:4      | Found a staircase to the Ecumenical Temple.
  2939 | D:4      | Noticed Natasha
  2954 | D:4      | Killed Natasha
  3056 | D:4      | Noticed Pikel
  3126 | D:4      | Killed Pikel
  3126 | D:4      | Reached XP level 8. HP: 44/64 MP: 8/8
  3272 | D:4      | Found a stormy altar of Qazlal.
  3285 | D:4      | Killed Natasha
  3646 | D:5      | Entered Level 5 of the Dungeon
  3742 | D:5      | Noticed a troll
  3787 | D:5      | Killed a troll
  3787 | D:5      | Reached skill level 1 in Spellcasting
  4310 | D:5      | Reached skill level 5 in Fighting
  4310 | D:5      | Reached XP level 9. HP: 37/74 MP: 11/11
  4551 | D:5      | Found a shimmering altar of Xom.
  4834 | D:5      | Found a deep blue altar of Sif Muna.
  4974 | D:6      | Learned a level 5 spell: Dispel Undead
  5017 | D:6      | Reached **** piety under Kikubaaqudgha
  5715 | D:6      | Learned a level 4 spell: Animate Dead
  5728 | D:6      | Noticed Eustachio
  5754 | D:6      | Killed Eustachio
  6074 | D:6      | Reached skill level 5 in Polearms
  6144 | D:6      | Found a hide-covered altar of Uskayaw.
  6835 | D:7      | Reached XP level 10. HP: 43/86 MP: 5/15
  7350 | D:7      | Found a basalt altar of Yredelemnul.
  7889 | D:8      | Found a basalt altar of Yredelemnul.
  8173 | D:8      | Noticed Blork the orc
  8210 | D:8      | Killed Blork the orc
  8368 | D:8      | Noticed Maurice
  8378 | D:8      | Killed Maurice
  8467 | D:8      | Reached ***** piety under Kikubaaqudgha
  8551 | D:8      | Noticed a two-headed ogre
  8558 | D:8      | Killed a two-headed ogre
  8578 | D:8      | Upgraded the game from 0.22-a0-568-g270d1ae to 0.22-a0-579-gb62a27e
  9446 | D:9      | Reached skill level 5 in Dodging
  9754 | D:9      | Noticed a two-headed ogre
  9811 | D:9      | Killed a two-headed ogre
  9811 | D:9      | Reached XP level 11. HP: 99/99 MP: 17/17
  9830 | D:9      | Found a glowing golden altar of the Shining One.
  9843 | D:9      | Found a blossoming altar of Fedhas.
 10076 | D:9      | Found a staircase to the Lair.
 10197 | D:9      | Found Reshromeo's Antique Weapon Emporium.
 10213 | D:9      | Bought an iridescent halberd for 207 gold pieces
 10213 | D:9      | Identified the +7 halberd of Sofup {antimagic, rElec} (You bought it in a shop on level 9 of the Dungeon)
 10219 | D:9      | Reached skill level 10 in Fighting
 10228 | D:9      | Found a glowing silver altar of Zin.
 10546 | D:10     | Entered Level 10 of the Dungeon
 10935 | D:10     | Noticed Joseph
 10967 | D:10     | Noticed Erica
 10983 | D:10     | Killed Joseph
 11004 | D:10     | Killed Erica
 11178 | D:10     | Noticed Psyche
 12041 | Lair:1   | Entered Level 1 of the Lair of Beasts
 12609 | Lair:1   | Noticed Fannar
 12643 | Lair:1   | Learned a level 2 spell: Sublimation of Blood
 12665 | Lair:1   | Killed Fannar
 13074 | Lair:2   | Noticed a seven-headed hydra
 13084 | Lair:2   | Found a frozen archway.
 13120 | IceCv    | Entered an ice cave
 13139 | IceCv    | Reached skill level 10 in Polearms
 13139 | IceCv    | Reached XP level 12. HP: 81/110 MP: 6/18
 13677 | IceCv    | Noticed a death yak
 13704 | IceCv    | Killed a death yak
 14032 | IceCv    | Noticed a frost giant
 14052 | IceCv    | Killed a frost giant
 14068 | IceCv    | Identified Tuexar's Collected Works on the Frostbite
 14386 | Lair:2   | Noticed a six-headed hydra
 14400 | Lair:2   | Killed a six-headed hydra
 15047 | Lair:2   | Reached XP level 13. HP: 112/122 MP: 6/19
 15844 | Lair:2   | Learned a level 2 spell: Corpse Rot
 15885 | Lair:3   | Identified the cursed +3 mace "Urinny" {freeze, rN+} (You found it on level 3 of the Lair of Beasts)
 15937 | Lair:3   | Found a staircase to the Shoals.
 15943 | Lair:3   | Reached ****** piety under Kikubaaqudgha
 16053 | Lair:3   | Identified the +1 ring mail of Fubbijir {rPois rC+ Stlth+} (You found it on level 3 of the Lair of Beasts)
 16180 | Lair:3   | Found a staircase to the Snake Pit.
 16197 | Lair:3   | Reached skill level 5 in Spellcasting
 18340 | Lair:5   | Found a viscous altar of Jiyva.
 18340 | Lair:5   | Found a staircase to the Slime Pits.
 18705 | Lair:5   | Identified a +2 pair of boots of running (You found it on level 5 of the Lair of Beasts)
 18892 | Lair:6   | Entered Level 6 of the Lair of Beasts
 19034 | Lair:6   | Learned a level 2 spell: Blink
 19037 | Lair:6   | Learned a level 2 spell: Shroud of Golubria
 19136 | Lair:6   | Reached XP level 14. HP: 120/130 MP: 6/22
 20539 | Lair:6   | Reached skill level 10 in Dodging
 21050 | D:9      | Bought a runed glaive for 218 gold pieces
 21054 | D:9      | Identified a +4 glaive of pain (a +2 glaive of freezing bloodied by Kikubaaqudgha)
 21054 | D:9      | Received a gift from Kikubaaqudgha
 21587 | D:11     | Found a staircase to the Orcish Mines.
 21693 | D:11     | Noticed Harold
 21698 | D:11     | Killed Harold
 21831 | Orc:1    | Entered Level 1 of the Orcish Mines
 21842 | Orc:1    | Found a bloodstained altar of Trog.
 21983 | Orc:2    | Entered Level 2 of the Orcish Mines
 21983 | Orc:2    | Noticed an orc warlord
 22352 | Orc:1    | Killed an orc warlord
 23125 | Orc:1    | Noticed a stone giant
 23146 | Orc:1    | Slain by a stone giant

Vault maps used:
D:1:      minmay_arrival_shattered_statue
D:2:      chequers_ecumenical_altar_grove, minmay_pentomino_x2, uniq_robin,
          uniq_sigmund
D:3:      minitemple, grunt_gozag_statues, corexii_item_surrounded_by_moat
D:4:      kennysheep_little_box, minmay_temple_entry_mist,
          kennysheep_generic_room_4, uniq_pikel, uniq_natasha
D:5:      kennysheep_mini_moat, first_ration, basic_altar
D:6:      eat_drink_and_be_merry_uskayaw, uniq_eustachio
D:7:      yredelemnul_altar_generic, grunt_livestock
D:8:      basic_altar, sword_in_stone, uniq_maurice
D:9:      amethyst_overflow_temple_binary, zin_academy, lair_entry_dummy,
          serial_shops, shop_fountains
D:10:     uniq_joseph, uniq_erica, uniq_psyche
D:11:     orc_0_dummy, lemuel_blue_sif_altar, uniq_harold
Lair:1:   beast_lair_carwin_6, uniq_fannar
Lair:2:   portal_ice_cave_rime, cheibrodos_lair_reptile_den
Lair:3:   minmay_shoals_entry_beasts, minmay_snake_entry_six_corridors,
          infiniplex_staircase_pool
Lair:4:   grunt_megastairs_3, minmay_lair_oklob_chamber
Lair:5:   dpeg_slime_entry_enclosed_altar, serial_bayou_shore_b,
          grunt_megastairs_4
Lair:6:   evilmike_catoblepas_cave, st_stairs_5, dpeg_oklob_1
Orc:1:    basic_altar
Orc:2:    grunt_orc_community_town_hall, grunt_orc_community_big_house_1,
          grunt_orc_community_big_house_1, grunt_orc_community_house_2,
          grunt_orc_community_house_2, grunt_orc_community_house_1,
          grunt_orc_community_house_1, grunt_orc_community_house_1,
          nicolae_orc_damp_corner, minmay_orc_temple_a
IceCv:    ice_cave_caverns_03

Skill      XL: |  1  2  3  4  5  6  7  8  9 10 11 12 13 14 |
---------------+-------------------------------------------+-----
Axes           | 5 6 8 |  8.8
Necromancy     | 3 6 7 8 |  8.1
Fighting       | 5 7 9 11 13 14 | 14.7
Polearms       | 2 5 8 10 11 13 14 | 14.8
Spellcasting   | 1 3 4 5 6 |  6.5
Dodging        | 3 5 7 8 9 10 | 10.2
Stealth        | |  1.5

Action                   |  1- 3 |  4- 6 |  7- 9 | 10-12 | 13-15 || total
-------------------------+-------+-------+-------+-------+-------++-------
Melee: Hand axe          |   111 |    78 |       |       |       ||   189
       Scythe            |       |    68 |   198 |   133 |       ||   399
       Halberd           |       |       |       |   337 |   513 ||   850
       Spear             |       |       |       |     7 |     8 ||    15
       Glaive            |       |       |       |       |   109 ||   109
Throw: Stone             |     5 |       |       |       |       ||     5
 Cast: Pain              |       |     1 |     8 |    28 |     1 ||    38
       Vampiric Draining |       |       |    10 |    16 |     3 ||    29
       Dispel Undead     |       |       |     7 |     3 |       ||    10
       Animate Dead      |       |       |     3 |    11 |    32 ||    46
       Sublimation of Bl |       |       |       |     1 |       ||     1
       Corpse Rot        |       |       |       |       |     1 ||     1
Invok: Receive Corpses   |       |       |       |     1 |     3 ||     4
       Torment           |       |       |       |       |     1 ||     1
       Brand Weapon With |       |       |       |       |     1 ||     1
Evoke: Wand              |       |     1 |    12 |    18 |    11 ||    42
  Use: Scroll            |     3 |     4 |     7 |    12 |    10 ||    36
       Potion            |     1 |     3 |       |     6 |     2 ||    12
 Stab: Sleeping          |     1 |     5 |     8 |     9 |     6 ||    29
       Distracted        |       |       |     2 |     4 |     5 ||    11
       Confused          |       |       |       |     1 |       ||     1
       Invisible         |       |       |       |     1 |       ||     1
       Paralysed         |       |       |       |       |     2 ||     2
       Petrified         |       |       |       |       |     2 ||     2
  Eat: Chunk             |     1 |     6 |     7 |    16 |    16 ||    46
       Ration            |       |       |     3 |     5 |     5 ||    13
Armor: Ring mail         |    40 |    10 |       |       |       ||    50
       Chain mail        |       |    15 |       |       |       ||    15
       Leather armour    |       |    14 |    35 |    52 |   102 ||   203
       Robe              |       |       |       |    47 |       ||    47
Dodge: Dodged            |    72 |    65 |   118 |   323 |   409 ||   987
       Deflected         |       |       |       |     6 |       ||     6
Block: Other             |       |       |       |       |    52 ||    52

Table legend:
 A = Spawn XP
 B = Non-spawn XP
 C = Spawn XP percentage of total XP
 D = Spawn monster count
 E = Non-spawn monster count
 F = Spawn count percentage of total count
 G = Total turns spent on level
                    A         B        C        D         E        F      G
               +---------+---------+-------+---------+---------+-------+---------
         Total |       0 |   79824 |   0.0 |       0 |     535 |   0.0 | 23146
               +---------+---------+-------+---------+---------+-------+---------
           D:1 |       0 |      35 |   0.0 |       0 |      19 |   0.0 |   750
           D:2 |       0 |     319 |   0.0 |       0 |      33 |   0.0 |  1247
           D:3 |       0 |      31 |   0.0 |       0 |      18 |   0.0 |   621
           D:4 |       0 |    1363 |   0.0 |       0 |      30 |   0.0 |  1028
           D:5 |       0 |     720 |   0.0 |       0 |      12 |   0.0 |  1281
           D:6 |       0 |    1576 |   0.0 |       0 |      36 |   0.0 |  1532
           D:7 |       0 |    1478 |   0.0 |       0 |      23 |   0.0 |  1471
           D:8 |       0 |    2275 |   0.0 |       0 |      27 |   0.0 |  1355
           D:9 |       0 |    3581 |   0.0 |       0 |      23 |   0.0 |  1890
          D:10 |       0 |    2429 |   0.0 |       0 |      28 |   0.0 |  1150
          D:11 |       0 |    2202 |   0.0 |       0 |      16 |   0.0 |   981
        Lair:1 |       0 |    3624 |   0.0 |       0 |      20 |   0.0 |  1140
        Lair:2 |       0 |    7957 |   0.0 |       0 |      28 |   0.0 |  1574
        Lair:3 |       0 |    5563 |   0.0 |       0 |      32 |   0.0 |   804
        Lair:4 |       0 |    8139 |   0.0 |       0 |      30 |   0.0 |  1651
        Lair:5 |       0 |    2290 |   0.0 |       0 |      12 |   0.0 |   863
        Lair:6 |       0 |   21649 |   0.0 |       0 |      65 |   0.0 |  2012
         Orc:1 |       0 |    3533 |   0.0 |       0 |      33 |   0.0 |   613
         Orc:2 |       0 |     629 |   0.0 |       0 |       4 |   0.0 |    38
         IceCv |       0 |   10431 |   0.0 |       0 |      46 |   0.0 |  1145
               +---------+---------+-------+---------+---------+-------+---------
